 Dungeon Crawl Stone Soup version 0.29-a0-997-gf6f7e2dfe7 (webtiles) character file.

Game seed: 805011381536292815

35 Gran0la the Chopper (level 3, -1/33 HPs)
             Began as a Minotaur Berserker on Aug 3, 2022.
             Was a Follower of Trog.
             Slain by Terence
             ... wielding a +0 flail
              (7 damage)
             ... on level 2 of the Dungeon on Aug 4, 2022.
             The game lasted 00:03:40 (768 turns).

Gran0la the Chopper (Minotaur Berserker)             Turns: 768, Time: 00:03:41

Health: -1/33      AC:  2    Str: 23    XL:     3   Next: 17%
Magic:  2/2        EV: 12    Int:  4    God:    Trog [*.....]
Gold:   60         SH:  0    Dex:  9    Spells: 2/2 levels left

rFire   . . .      SeeInvis .   a - +0 hand axe
rCold   . . .      Faith    .   (no shield)
rNeg    . . .      Spirit   .   b - +0 animal skin
rPois   .          Reflect  .   (helmet restricted)
rElec   .          Harm     .   (no cloak)
rCorr   .          Rampage  .   (no gloves)
Will    .....                   (no boots)
Stlth   +.........              (no amulet)
HPRegen 0.11/turn               (no ring)
MPRegen 0.08/turn               (no ring)

@: no status effects
A: horns 2, retaliatory headbutt
a: Renounce Religion, Berserk


You were on level 2 of the Dungeon.
You worshipped Trog.
Trog was aware of your devotion.
You visited 1 branch of the dungeon, and saw 2 of its levels.

You collected 60 gold pieces.

Inventory:

Hand Weapons
 a - a +0 hand axe (weapon)
Armour
 b - a +0 animal skin (worn)
Jewellery
 h - a ring of protection from cold
Scrolls
 c - a scroll of identify {unknown}
 d - 2 scrolls of brand weapon {unknown}
 e - 2 scrolls of fog {unknown}
Potions
 f - a potion of brilliance {unknown}
 g - a potion of lignification {unknown}
 i - 2 potions of attraction {unknown}
 j - a potion of berserk rage {unknown}


   Skills:
 + Level 4.0 Fighting
 * Level 4.2 Axes
 + Level 3.0 Armour
 + Level 2.7 Dodging


You had 2 spell levels left.
You didn't know any spells.
Your spell library was empty.

Dungeon Overview and Level Annotations

Branches:
Dungeon (2/15)

Altars:

Annotations:
D:2 Terence


Innate Abilities, Weirdness & Mutations

You have a pair of horns on your head.
You reflexively headbutt those who attack you in melee.


Message History

The giant cockroach completely misses you.
You furiously retaliate!
You headbutt the giant cockroach!
You kill the giant cockroach!
Trog accepts your kill.
You slash the giant cockroach!
You kill the giant cockroach!
Trog accepts your kill.
Terence the Incautious comes into view.
He is wielding a +0 flail and wearing a +1 scale mail of poison resistance.
You barely miss Terence. Terence barely misses you. You furiously retaliate!
You headbutt Terence, but do no damage. You barely miss Terence.
You headbutt Terence, but do no damage. Terence misses you.
You furiously retaliate!
You headbutt Terence. You hit Terence. Your headbutt misses Terence.
Terence is moderately wounded.
Terence misses you.
You hit Terence but do no damage. You headbutt Terence.
Terence is moderately wounded.
Terence closely misses you.
You completely miss Terence.
Terence is moderately wounded.
Terence hits you with a +0 flail!
You barely miss Terence.
Terence is moderately wounded.
Terence misses you.
You hit Terence but do no damage.
Terence is moderately wounded.
Terence barely misses you.
You completely miss Terence.
Terence is moderately wounded.
Terence hits you with a +0 flail! Terence attacks as you move away!
Terence barely misses you.
You hit Terence.
Terence is heavily wounded.
Terence hits you with a +0 flail!
* * * LOW HITPOINT WARNING * * *
You hit Terence. Your headbutt misses Terence.
Terence is heavily wounded.
Terence closely misses you. You furiously retaliate!
You headbutt Terence, but do no damage. Terence hits you with a +0 flail!
You die...

#<............#########
#######.#####.#.......#
#.# #.#.......#
##.#####.#.......#
#......#.#.......#
#..###.#.#.......#
#..###.#.#.......#
#.................
#.#....@@#.......#
#........#########
#...###......... #.#.#
#..####### #.#.# #..#
#.#.# #..# #.#.. ...#
## #.## #.#


You could see Terence.

Vanquished Creatures
  An adder (D:2)
  2 endoplasms (D:1)
  5 giant cockroaches
  5 hobgoblins (D:1)
  2 jackals (D:1)
  A ball python (D:1)
  A bat (D:1)
  2 kobolds (D:1)
  6 rats (D:1)
25 creatures vanquished.

Vanquished Creatures (others)
  A fungus (D:1)
  2 plants (D:1)
3 creatures vanquished.

Grand Total: 28 creatures vanquished

Notes
Turn   | Place    | Note
-------+----------+-------------------------------------------
     0 | D:1      | Gran0la the Minotaur Berserker began the quest for the Orb.
     0 | D:1      | Reached XP level 1. HP: 19/19 MP: 0/0
   135 | D:1      | Reached XP level 2. HP: 27/27 MP: 1/1
   332 | D:1      | Found a faded altar of an unknown god.
   684 | D:1      | Upgraded the game from 0.29-a0-994-gc5c9f59d18 to
                  | 0.29-a0-997-gf6f7e2dfe7
   712 | D:2      | Reached XP level 3. HP: 33/33 MP: 2/2
   752 | D:2      | Noticed Terence
   768 | D:2      | Slain by Terence

Illustrated notes

Levels and vault maps discovered:
D:1:      minmay_arrival_jagged, layout_rooms, shapermc_ecumenical_altar_ellora,
          minmay_misc_feat_nine_boxes
D:2:      layout_basic, minmay_tetromino_t4, uniq_terence

Skill      XL: |  1  2  3 |
---------------+----------+-----
Axes           | 4 |  4.2
Fighting       | 4 |  4.0
Armour         | 3 |  3.0
Dodging        | |  2.7

Action                   || total
-------------------------++-------
Melee: Hand axe          ||    57
       Headbutt          ||     5
Armor: Animal skin       ||     5
Dodge: Dodged            ||    36

Table legend: (Time is in decaauts)
 A = Elapsed time spent in this place.
 B = Non-inter-level travel time spent in this place.
 C = Inter-level travel time spent in this place.
 D = Time resting spent in this place.
 E = Time spent auto-exploring this place.
 F = Levels seen in this place.
 G = Mean time per level.
                   A        B        C        D        E       F      G
               +--------+--------+--------+--------+--------+-----+--------+
         Total |    773 |    764 |      9 |      0 |    531 |   2 |  386.5 |
       Dungeon |    773 |    764 |      9 |      0 |    531 |   2 |  386.5 |
               +--------+--------+--------+--------+--------+-----+--------+

Top non-repeatable levels by time:
     D:1: 702 daAuts
     D:2: 70 daAuts
